 Dungeon Crawl Stone Soup version 0.18-a0-1088-g34ef3a2 (webtiles) character file.

712 4thArraOfDagon the Cleaver (level 7, 1/94 HPs)
             Began as a Hill Orc Berserker on Jan 15, 2016.
             Was a Believer of Trog.
             Quit the game on level 9 of the Dungeon.
             The game lasted 00:03:50 (614 turns).

4thArraOfDagon the Cleaver (Hill Orc Berserker)      Turns: 614, Time: 00:03:50

Health: 1/94       AC: 13    Str: 25    XL:     7   Next: 68%
Magic:  7/7        EV:  9    Int: 14    God:    Trog [**....]
Gold:   81         SH:  0    Dex: 10    Spells: 0 memorised, 6 levels left

rFire  . . .     SeeInvis .     a - +0 hand axe
rCold  . . .     Gourm    .     l - +0 plate armour
rNeg   . . .     Faith    .     (no shield)
rPois  .         Spirit   .     (no helmet)
rElec  .         Dismiss  .     (no cloak)
rCorr  .         Reflect  .     g - +0 pair of gloves
SustAt .         Harm     .     (no boots)
MR     .....                    (no amulet)
Stlth  ..........               (no ring)
                                h - +2 ring of evasion

@: brilliant, berserking (expiring), lethally poisoned (1 -> -22), very quick,
not resistant to hostile enchantments, extremely unstealthy
A: no striking features
a: Berserk, Trog's Hand, Burn Spellbooks, Renounce Religion


You were on level 9 of the Dungeon.
You worshipped Trog.
Trog was pleased with you.
You were hungry.

You visited 1 branch of the dungeon, and saw 9 of its levels.

You collected 81 gold pieces.

Inventory:

Hand Weapons
 a - a +0 hand axe (weapon)
Armour
 g - a +0 pair of gloves (worn)
 l - a +0 plate armour (worn)
Jewellery
 h - a +2 ring of evasion (left hand)
Scrolls
 b - 2 scrolls of remove curse
 d - 2 scrolls of fear {unknown}
 e - 4 scrolls of identify {unknown}
Potions
 m - a potion of heal wounds {unknown}
Comestibles
 c - 2 bread rations
 i - 7 chunks of flesh
 j - a royal jelly


   Skills:
 + Level 6.1 Fighting
 * Level 8.6 Axes
 + Level 4.8 Armour
 - Level 1.5 Dodging


You had 6 spell levels left.
You didn't know any spells.

Dungeon Overview and Level Annotations

Branches:
Dungeon (9/15)
 Temple: D:4-7         Lair: D:8-11         Orc: D:9-12

Altars:


Message History

The killer bee buzzes angrily.
You hit the queen bee but do no damage.
The queen bee is lightly wounded.
You slash the killer bee!
You kill the killer bee!
Trog accepts your kill.
You miss the killer bee.
The killer bee is lightly wounded.
You slash the giant frog!
The giant frog is almost dead.
* * * LOW HITPOINT WARNING * * *
You feel sick. The killer bee closely misses you.
The killer bee stings you but does no damage.
The killer bee stings you.
* * * LOW HITPOINT WARNING * * *
The queen bee stings you.
* * * LOW HITPOINT WARNING * * *
The giant frog hits you but does no damage.
Unknown command.
Are you sure you want to abandon this character and quit the game? (Confirm with "yes".)

##.o.#...
#..#.....
........########
o...#........#
...#........#
#.#........#
#......<...#
#)F).......#
#y@y.......#
#..h.hy........#
...###..........#
. #.#........#
#.#........#
#%##.####### #.
y# #. ..


You could see a queen bee, 2 wargs, a giant frog and 3 killer bees.

Vanquished Creatures
  An orc warrior (D:7)
  A black bear (D:7)
  A wasp (D:9)
  An ogre (D:5)
  A centaur (D:5)
  Blork the orc (D:5)
  A scorpion (D:7)
  2 killer bees (D:9)
  An orc wizard (D:9)
  A worker ant (D:5)
  An adder (D:9)
  A giant gecko (D:3)
  5 orcs
  A giant cockroach (D:3)
  A hobgoblin (D:3)
  A quokka (D:3)
  A bat (D:3)
  A rat (D:3)
23 creatures vanquished.

Notes
Turn   | Place    | Note
--------------------------------------------------------------
     0 | D:1      | 4thArraOfDagon the Hill Orc Berserker began the quest for the Orb.
     0 | D:1      | Reached XP level 1. HP: 19/19 MP: 1/1
   173 | D:3      | Reached XP level 2. HP: 22/27 MP: 2/2
   230 | D:5      | Entered Level 5 of the Dungeon
   240 | D:5      | Noticed a centaur
   240 | D:5      | Noticed an ogre
   251 | D:5      | Killed an ogre
   251 | D:5      | Reached skill level 5 in Axes
   251 | D:5      | Reached XP level 3. HP: 34/34 MP: 3/3
   251 | D:5      | Reached XP level 4. HP: 41/41 MP: 4/4
   257 | D:5      | Killed a centaur
   257 | D:5      | Reached skill level 6 in Axes
   257 | D:5      | Reached XP level 5. HP: 47/47 MP: 5/5
   294 | D:4      | Noticed Blork the orc
   320 | D:5      | Killed Blork the orc
   320 | D:5      | Reached skill level 5 in Fighting
   320 | D:5      | Reached XP level 6. HP: 36/56 MP: 6/6
   394 | D:7      | Reached skill level 7 in Axes
   424 | D:7      | Noticed a black bear
   425 | D:7      | Noticed an orc warrior
   434 | D:7      | Killed a black bear
   444 | D:7      | Killed an orc warrior
   444 | D:7      | Reached XP level 7. HP: 43/62 MP: 7/7
   602 | D:9      | Noticed a queen bee
   605 | D:9      | Reached skill level 8 in Axes
   607 | D:9      | Noticed a warg
   608 | D:9      | Noticed a warg
   609 | D:9      | Reached ** piety under Trog
   613 | D:9      | HP: 3/94 [killer bee (3)]
   613 | D:9      | HP: 1/94 [queen bee (2)]
   614 | D:9      | Quit the game

Vault maps used:
D:1:      evilmike_arrival_crescent, minmay_surrounded
D:2:      minmay_misc_feat_rugged, uniq_iyjb, uniq_crazy_yiuf_cottage
D:3:      grunt_temple_overflow_forces_of_nature
D:4:      minitemple, first_bread, dk_vineyard_3, uniq_blork_the_orc
D:5:      lemuel_doored_altar, serial_shops, kennysheep_little_box
D:6:      kennysheep_mini, xom_butterflies, temple_green, serial_shops, shop
D:7:      overflow_temple_1_default, grunt_ogre_cave, uniq_menkaure
D:8:      chequers_ossuary_entry_cave
D:9:      erik_lair_orcish_takeover, special_room, minmay_hedge_maze

Action                   |  1- 3 |  4- 6 |  7- 9 || total
-------------------------+-------+-------+-------++-------
Melee: Hand axe          |    26 |    32 |    12 ||    70
Invok: Berserk           |     2 |     3 |     1 ||     6
  Use: Scroll            |       |     1 |       ||     1
       Potion            |       |       |     2 ||     2
  Eat: Chunk             |       |     3 |     1 ||     4
